MLB
LOS ANGELES (A) ANGELS @ CLEVELAND GUARDIANS
03/26/2042
 
TOP OF THE 1ST
Los Angeles (A) Angels batting - Pitching for Cleveland Guardians : LHP José Valdés
Pitching: LHP José Valdés
Batting: RHB César Montés 0-0: Called Strike
0-1: Ball
1-1: Ball
2-1: Ball
3-1: Foul Ball, location: 3FF
3-2: Base on Balls
Batting: RHB Juan Nava 0-0: Called Strike
0-1: Ball
César Montés steals 2nd base
1-1: Ball
2-1: Ball
3-1: Fly out, F7 (Flyball, 78S, EV 88.1 MPH)
Batting: RHB Greg Simmons 0-0: Called Strike
0-1: Ball
1-1: Ball
2-1: Swinging Strike
2-2: SINGLE (Flyball, 8LS, EV 87.5 MPH)
César Montés to third
Batting: RHB Brad Rasmussen 0-0: Ball
1-0: Fly out, F5 (Popup, 5SF, EV 76.3 MPH)
Batting: RHB Joe Pratt 0-0: Ball
1-0: Ball
2-0: Called Strike
2-1: Fly out, F8 (Flyball, 8LD, EV 93.8 MPH)
Top of the 1st over - 0 runs, 1 hit, 0 errors, 2 left on base; Los Angeles (A) 0 - Cleveland 0
BOTTOM OF THE 1ST
Cleveland Guardians batting - Pitching for Los Angeles (A) Angels : RHP Jarred Nichols
Pitching: RHP Jarred Nichols
Batting: RHB José Rodríguez 0-0: Ball
1-0: Called Strike
1-1: Ground out 5-3 (Groundball, 56S, EV 82.5 MPH)
Batting: LHB Stan Walton 0-0: Swinging Strike
0-1: DOUBLE (Line Drive, 89XD, EV 104.4 MPH)
Batting: RHB Jeff Jacobs 0-0: Called Strike
0-1: Ball
1-1: Called Strike
1-2: Strikes out looking
Batting: LHB José Fontanez 0-0: Called Strike
0-1: Ball
1-1: Ball
2-1: Foul Ball, location: 3SF
2-2: Foul Ball, location: 7LDF
2-2: Strikes out swinging
Bottom of the 1st over - 0 runs, 1 hit, 0 errors, 1 left on base; Los Angeles (A) 0 - Cleveland 0
TOP OF THE 2ND
Los Angeles (A) Angels batting - Pitching for Cleveland Guardians : LHP José Valdés
Batting: RHB David Pacheco 0-0: Called Strike
0-1: Foul Ball, location: 7LSF
0-2: Ball
1-2: Strikes out swinging
Batting: LHB Mathias Carena 0-0: Ball
1-0: Ball
2-0: Called Strike
2-1: Swinging Strike
2-2: Foul Ball, location: 25F
2-2: Foul Ball, location: 3SF
2-2: Foul Ball, location: 23F
2-2: Strikes out swinging
Batting: RHB Cristo García 0-0: Called Strike
0-1: Fly out, F8 (Line Drive, 8RD, EV 88.8 MPH)
Top of the 2nd over - 0 runs, 0 hits, 0 errors, 0 left on base; Los Angeles (A) 0 - Cleveland 0
BOTTOM OF THE 2ND
Cleveland Guardians batting - Pitching for Los Angeles (A) Angels : RHP Jarred Nichols
Batting: LHB António Caligas 0-0: Called Strike
0-1: Foul Ball, location: 25F
0-2: Foul Ball, location: 2F
0-2: Ball
1-2: Foul Ball, location: 25F
1-2: Ball
2-2: Ball
3-2: Strikes out swinging
Batting: SHB Tim Webster 0-0: Called Strike
0-1: Ball
1-1: Swinging Strike
1-2: Ball
2-2: Foul Ball, location: 9LDF
2-2: Foul Ball, location: 2RF
2-2: Strikes out swinging
Batting: RHB Faust Ghisolfi 0-0: Ball
1-0: Ball
2-0: Ball
3-0: Base on Balls
Batting: LHB Jerry Wilson 0-0: Ball
1-0: Called Strike
1-1: Ball
2-1: SINGLE (Line Drive, 9S, EV 105.6 MPH)
Faust Ghisolfi to second
Runner from 2nd tries for 3rd, OUT! 9-5
Bottom of the 2nd over - 0 runs, 1 hit, 0 errors, 1 left on base; Los Angeles (A) 0 - Cleveland 0
TOP OF THE 3RD
Los Angeles (A) Angels batting - Pitching for Cleveland Guardians : LHP José Valdés
Batting: RHB Erik Lark 0-0: Bunted foul
0-1: Called Strike
0-2: Ball
1-2: Strikes out looking
Batting: RHB César Montés 0-0: Called Strike
0-1: Ball
1-1: Called Strike
1-2: Ball
2-2: Strikes out swinging
Batting: RHB Juan Nava 0-0: Ball
1-0: Called Strike
1-1: Ball
2-1: Called Strike
2-2: Ball
3-2: Foul Ball, location: 23F
3-2: Base on Balls
Batting: RHB Greg Simmons 0-0: Ball
1-0: Ball
2-0: Called Strike
2-1: Called Strike
2-2: Foul Ball, location: 2F
2-2: Foul Ball, location: 3DF
2-2: Strikes out swinging
Top of the 3rd over - 0 runs, 0 hits, 0 errors, 1 left on base; Los Angeles (A) 0 - Cleveland 0
BOTTOM OF THE 3RD
Cleveland Guardians batting - Pitching for Los Angeles (A) Angels : RHP Jarred Nichols
Batting: RHB José Espinoza 0-0: Foul Ball, location: 23F
0-1: Ball
1-1: Ball
2-1: Foul Ball, location: 2F
2-2: Foul Ball, location: 9LDF
2-2: Ball
3-2: Strikes out swinging
Batting: RHB José Rodríguez 0-0: Called Strike
0-1: Ground out 5-3 (Groundball, 25, EV 86.9 MPH)
Batting: LHB Stan Walton 0-0: Ball
1-0: Ball
2-0: Foul Ball, location: 2F
2-1: SINGLE (Line Drive, 56D, EV 98.1 MPH)
Batting: RHB Jeff Jacobs 0-0: Swinging Strike
0-1: Foul Ball, location: 9LDF
0-2: Foul Ball, location: 25FF
0-2: Strikes out swinging
Bottom of the 3rd over - 0 runs, 1 hit, 0 errors, 1 left on base; Los Angeles (A) 0 - Cleveland 0
TOP OF THE 4TH
Los Angeles (A) Angels batting - Pitching for Cleveland Guardians : LHP José Valdés
Batting: RHB Brad Rasmussen 0-0: Called Strike
0-1: TRIPLE (Line Drive, 78XD, EV 100.6 MPH)
Batting: RHB Joe Pratt 0-0: Ground out 5-3 (Groundball, 56S, EV 80.0 MPH)
Brad Rasmussen scores
Batting: RHB David Pacheco 0-0: Fly out, F7 (Flyball, 78M, EV 87.5 MPH)
Batting: LHB Mathias Carena 0-0: Ball
1-0: Foul Ball, location: 5SF
1-1: Fly out, F9 (Flyball, 9S, EV 95.6 MPH)
Top of the 4th over - 1 run, 1 hit, 0 errors, 0 left on base; Los Angeles (A) 1 - Cleveland 0
BOTTOM OF THE 4TH
Cleveland Guardians batting - Pitching for Los Angeles (A) Angels : RHP Jarred Nichols
Batting: LHB José Fontanez 0-0: Called Strike
0-1: Foul Ball, location: 5SF
0-2: Ball
1-2: Ball
2-2: Ground out 4-3 (Groundball, 4, EV 83.8 MPH)
Batting: LHB António Caligas 0-0: Ball
1-0: Ground out 4-3 (Groundball, 4, EV 96.3 MPH)
Batting: SHB Tim Webster 0-0: Ball
1-0: Ball
2-0: Called Strike
2-1: Fly out, F6 (Popup, 6MS, EV 71.3 MPH)
Bottom of the 4th over - 0 runs, 0 hits, 0 errors, 0 left on base; Los Angeles (A) 1 - Cleveland 0
TOP OF THE 5TH
Los Angeles (A) Angels batting - Pitching for Cleveland Guardians : LHP José Valdés
Pitching: LHP Greg Curry
Now at SS: Ken Ladd
Batting: RHB Cristo García 0-0: Fly out, F8 (Line Drive, 8RM, EV 87.5 MPH)
Batting: RHB Erik Lark 0-0: Called Strike
0-1: Ball
1-1: Foul Ball, location: 9LDF
1-2: SINGLE (Line Drive, 78S, EV 89.4 MPH)
Pinch Hitting: RHB Chris Stephens 0-0: Ball
1-0: Ball
2-0: Ball
Erik Lark is caught stealing 2nd base 2-4
3-0: Called Strike
3-1: Fly out, F7 (Flyball, 7, EV 80.6 MPH)
Top of the 5th over - 0 runs, 1 hit, 0 errors, 0 left on base; Los Angeles (A) 1 - Cleveland 0
BOTTOM OF THE 5TH
Cleveland Guardians batting - Pitching for Los Angeles (A) Angels : RHP Jarred Nichols
Now at 1B: Alfredo García
Now at 3B: Chris Stephens
Now in LF: Ben King
Batting: RHB Faust Ghisolfi 0-0: Ball
1-0: Ball
2-0: Called Strike
2-1: Called Strike
2-2: Strikes out looking
Batting: LHB Jerry Wilson 0-0: Ground out 4-3 (Groundball, 4, EV 98.8 MPH)
Batting: RHB José Espinoza 0-0: Ball
1-0: Ball
2-0: Ball
3-0: Base on Balls
Batting: RHB Ken Ladd 0-0: Called Strike
0-1: Fielders Choice at 2nd, 6-4 (Groundball, 6, EV 103.8 MPH)
Bottom of the 5th over - 0 runs, 0 hits, 0 errors, 1 left on base; Los Angeles (A) 1 - Cleveland 0
TOP OF THE 6TH
Los Angeles (A) Angels batting - Pitching for Cleveland Guardians : LHP Greg Curry
Pinch Hitting: LHB Tony Morín 0-0: Called Strike
0-1: Called Strike
0-2: SINGLE (Groundball, 4, EV 85.0 MPH)
Batting: LHB Ben King 0-0: Foul Ball, location: 2F
0-1: Fly out, F9 (Flyball, 9LMF, EV 102.5 MPH)
Batting: RHB Brad Rasmussen 0-0: Ball
1-0: Grounds into double play, 6-4-3 (Groundball, 6, EV 81.3 MPH)
Top of the 6th over - 0 runs, 1 hit, 0 errors, 0 left on base; Los Angeles (A) 1 - Cleveland 0
BOTTOM OF THE 6TH
Cleveland Guardians batting - Pitching for Los Angeles (A) Angels : RHP Jarred Nichols
Pitching: RHP Ernie Flores
Now in RF: Tony Morín
Batting: LHB Mike Hatfield 0-0: Ball
1-0: Swinging Strike
1-1: Swinging Strike
1-2: Ball
2-2: Strikes out swinging
Pinch Hitting: SHB Ken Miller 0-0: Ball
1-0: SOLO HOME RUN (Flyball, 8RXD, EV 111.3 MPH), Distance : 448 ft
Pinch Hitting: SHB Kevin Brackett 0-0: Ball
1-0: Ball
2-0: Fly out, F8 (Flyball, 89D, EV 92.5 MPH)
Pitching: LHP Luis Navarro
Batting: LHB António Caligas 0-0: Called Strike
0-1: Foul Ball, location: 7LMF
0-2: Strikes out swinging
Bottom of the 6th over - 1 run, 1 hit, 0 errors, 0 left on base; Los Angeles (A) 1 - Cleveland 1
TOP OF THE 7TH
Los Angeles (A) Angels batting - Pitching for Cleveland Guardians : LHP Greg Curry
Pitching: LHP Jorge Rosado
Now at C: Pepe Montés
Now at 3B: Ken Miller
Now in LF: António Trujillo
Now in RF: Kevin Brackett
Batting: SHB Pancho Baca 0-0: Called Strike
0-1: Foul Ball, location: 2F
0-2: Ground out 5-3 (Groundball, 56S, EV 71.9 MPH)
Batting: RHB David Pacheco 0-0: Ball
1-0: Called Strike
1-1: Fly out, F8 (Flyball, 78S, EV 96.3 MPH)
Batting: RHB Alfredo García 0-0: Called Strike
0-1: Ball
1-1: Ball
2-1: Ball
3-1: Base on Balls
Batting: RHB Cristo García 0-0: Ball
1-0: Ball
2-0: Reached on error, E4 (Groundball, 4, EV 85.0 MPH)
Alfredo García to second
Batting: RHB Erik Lark 0-0: Fielders Choice at 3rd, U5 (Groundball, 5L, EV 95.0 MPH)
Top of the 7th over - 0 runs, 0 hits, 1 error, 1 left on base; Los Angeles (A) 1 - Cleveland 1
BOTTOM OF THE 7TH
Cleveland Guardians batting - Pitching for Los Angeles (A) Angels : LHP Luis Navarro
Pitching: RHP Ben Hall
Batting: SHB Tim Webster 0-0: Foul Ball, location: 2F
0-1: Foul Ball, location: 5FF
0-2: SINGLE (Line Drive, 9S, EV 109.4 MPH)
Batting: RHB António Trujillo 0-0: Grounds into double play, 5-4-3 (Groundball, 56, EV 108.8 MPH)
Pinch Hitting: LHB Juan Morales 0-0: Ball
1-0: Swinging Strike
1-1: Foul Ball, location: 2F
1-2: Ball
2-2: Ball
3-2: Ground out 4-3 (Groundball, 4D, EV 103.8 MPH)
Bottom of the 7th over - 0 runs, 1 hit, 0 errors, 0 left on base; Los Angeles (A) 1 - Cleveland 1
TOP OF THE 8TH
Los Angeles (A) Angels batting - Pitching for Cleveland Guardians : LHP Jorge Rosado
Now at 1B: Juan Morales
Batting: RHB Chris Stephens 0-0: Ball
1-0: Swinging Strike
1-1: Fly out, F7 (Flyball, 78M, EV 84.4 MPH)
Batting: LHB Tony Morín 0-0: Ball
1-0: Ball
2-0: Ground out U3 (Groundball, 3, EV 96.3 MPH)
Batting: LHB Ben King 0-0: Ball
1-0: Swinging Strike
1-1: Called Strike
1-2: Strikes out looking
Top of the 8th over - 0 runs, 0 hits, 0 errors, 0 left on base; Los Angeles (A) 1 - Cleveland 1
BOTTOM OF THE 8TH
Cleveland Guardians batting - Pitching for Los Angeles (A) Angels : RHP Ben Hall
Pitching: RHP Wilson Rodríguez
Pinch Hitting: RHB Josh Wilson 0-0: Ball
1-0: Ball
2-0: SINGLE (Groundball, 34D, EV 96.9 MPH)
Batting: RHB Ken Ladd 0-0: Ball
1-0: Called Strike
1-1: Swinging Strike
1-2: Strikes out looking
Batting: LHB Mike Hatfield 0-0: Ball
1-0: Ball
2-0: Called Strike
2-1: Ball
3-1: Called Strike
3-2: Strikes out swinging
Batting: SHB Ken Miller 0-0: Ball
1-0: Called Strike
1-1: Foul Ball, location: 9LMF
1-2: Ball
2-2: Foul Ball, location: 3SF
2-2: Foul Ball, location: 23F
2-2: Foul Ball, location: 25F
2-2: Strikes out swinging
Bottom of the 8th over - 0 runs, 1 hit, 0 errors, 1 left on base; Los Angeles (A) 1 - Cleveland 1
TOP OF THE 9TH
Los Angeles (A) Angels batting - Pitching for Cleveland Guardians : LHP Jorge Rosado
Pitching: RHP Oscar Cirilli
Now at 2B: Josh Wilson
Batting: RHB Brad Rasmussen 0-0: Ball
1-0: Ball
2-0: Ground out 6-3 (Groundball, 6MS, EV 73.1 MPH)
Batting: LHB Bobby Fontenot 0-0: Ball
1-0: SOLO HOME RUN (Flyball, 89XD, EV 100.0 MPH), Distance : 420 ft
Pinch Hitting: RHB José Padilla 0-0: Foul Ball, location: 9LDF
0-1: Ball
1-1: Called Strike
1-2: Ball
2-2: Foul Ball, location: 7LMF
2-2: Fly out, F8 (Flyball, 8RD, EV 92.5 MPH)
Batting: RHB Alfredo García 0-0: DOUBLE (Line Drive, 78M, EV 99.4 MPH)
Batting: RHB Cristo García 0-0: Ball
1-0: Called Strike
1-1: Foul Ball, location: 9LDF
1-2: Ball
2-2: Fly out, F6 (Line Drive, 6, EV 76.3 MPH)
Top of the 9th over - 1 run, 2 hits, 0 errors, 1 left on base; Los Angeles (A) 2 - Cleveland 1
BOTTOM OF THE 9TH
Cleveland Guardians batting - Pitching for Los Angeles (A) Angels : RHP Wilson Rodríguez
Pitching: RHP Leon Elder
Now at C: José Padilla
Batting: SHB Kevin Brackett 0-0: Ball
1-0: Ball
2-0: Foul Ball, location: 7LMF
2-1: Foul Ball, location: 5SF
2-2: Fly out, F7 (Flyball, 7D, EV 110.0 MPH)
Pinch Hitting: RHB Rodrigo Ojeda 0-0: Ball
1-0: Ball
2-0: Ball
3-0: Called Strike
3-1: Ground out 2-3 (Groundball, 13S, EV 65.6 MPH)
Batting: SHB Tim Webster 0-0: Ball
1-0: Ball
2-0: Ball
3-0: Called Strike
3-1: Base on Balls
Batting: RHB António Trujillo 0-0: Ball
1-0: Called Strike
1-1: Called Strike
1-2: Strikes out swinging
Bottom of the 9th over - 0 runs, 0 hits, 0 errors, 1 left on base; Los Angeles (A) 2 - Cleveland 1
Monday, April 29th , 2024 - OOTP Baseball 24.10 Build 82